 Dungeon Crawl Stone Soup version 0.30.1-9-gdf580d7c3d (webtiles) character file.

Game seed: 16468294031001562358

102 lonewolfV2 the Firebug (level 4, 0/32 HPs)
             Began as a Gnoll Fire Elementalist on Sept 27, 2023.
             Slain by an ogre
             ... wielding a +0 giant spiked club
              (26 damage)
             ... on level 4 of the Dungeon.
             The game lasted 00:05:38 (3436 turns).

lonewolfV2 the Firebug (Gnoll Fire Elementalist)    Turns: 3436, Time: 00:05:38

Health: 0/32       AC:  3    Str:  8    XL:     4   Next: 77%
Magic:  0/11       EV: 13    Int: 16    God:
Gold:   149        SH:  0    Dex: 12    Spells: 0/13 levels left

rFire   . .          .
                       - Unarmed
rCold   . . .        (no shield)
rNeg    . . .        a - +1 robe
rPois   .            (no helmet)
rElec   .            (no cloak)
rCorr   .            (no gloves)
SInv    .            (no boots)
Will    .....        (no amulet)
Stlth   +++          (no ring)
HPRegen 0.25/turn    (no ring)
MPRegen 0.12/turn

%: no passive effects
@: no status effects
A: fangs 1, strong nose, distributed training
a: no special abilities


You were on level 4 of the Dungeon.
You visited 1 branch of the dungeon, and saw 4 of its levels.

You collected 149 gold pieces.

Inventory:

Armour
 a - a +1 robe (worn)
Scrolls
 e - a scroll of fear
 f - 2 scrolls of teleportation
 j - a scroll of identify
Potions
 b - 2 potions of magic
 c - a potion of might {unknown}
 d - 2 potions of cancellation
 g - a potion of heal wounds {unknown}
 h - 2 potions of invisibility
 i - 2 potions of resistance


   Skills:
 + Level 1.3 Fighting
 + Level 1.3 Short Blades
 + Level 1.3 Long Blades
 + Level 1.3 Axes
 + Level 1.3 Maces & Flails
 + Level 1.3 Polearms
 + Level 1.3 Staves
 + Level 1.3 Ranged Weapons
 + Level 1.3 Throwing
 + Level 1.3 Armour
 + Level 4.7 Dodging
 + Level 4.3 Stealth
 + Level 1.3 Shields
 + Level 1.3 Unarmed Combat
 + Level 5.1 Spellcasting
 + Level 2.3 Conjurations
 + Level 1.0 Hexes
 + Level 1.0 Summonings
 + Level 1.0 Necromancy
 + Level 1.0 Translocations
 + Level 1.0 Transmutations
 + Level 5.5 Fire Magic
 + Level 1.0 Ice Magic
 + Level 1.0 Air Magic
 + Level 1.0 Earth Magic
 + Level 1.0 Poison Magic
 + Level 1.4 Invocations
 + Level 1.3 Evocations


You couldn't memorise any spells.
You knew the following spells:

 Your Spells              Type           Power      Damage    Failure   Level
a - Foxfire               Conj/Fire      64%        2x1d7     3%          1
b - Volatile Blastmotes   Fire/Tloc      28%        2d12      12%         3
c - Scorch                Fire           42%        2d6       2%          2
d - Inner Flame           Hex/Fire       14%        N/A       12%         3
e - Flame Wave            Conj/Fire      16%        2d7       30%         4

Your spell library contained the following spells:

 Spells                   Type           Power      Damage    Failure   Level


Dungeon Overview and Level Annotations

Branches:
Dungeon (4/15)
 Temple: D:4-7

Altars:

Shops:
D:2 (


Innate Abilities, Weirdness & Mutations

You have very sharp teeth.
Your uncanny sense of smell can sniff out nearby items.
Your experience applies equally to all skills.


Message History

Confirm with . or Enter, or press ? or * to list all spells.
You conjure some foxfire!
The endoplasm quivers.
Your foxfire dissipates!
The foxfire hits the worm.
The worm is moderately wounded.
The cloud of blastmotes explodes!
The concussive blast engulfs the endoplasm.
The endoplasm is severely wounded.
The concussive blast engulfs the worm!!
You kill the worm!
The concussive blast engulfs the goblin!!
You kill the goblin!
Casting: Foxfire (safe; 3% risk of failure)
Confirm with . or Enter, or press ? or * to list all spells.
You conjure some foxfire!
The foxfire hits the endoplasm.
You kill the endoplasm!
Your foxfire dissipates!
Casting: Foxfire (safe; 3% risk of failure)
Confirm with . or Enter, or press ? or * to list all spells.
You conjure some foxfire!
Your magical contamination has completely faded away.
Your foxfire dissipates!
The foxfire hits the ogre but does no damage.
You see here a +0 leather armour.
Casting: Foxfire (safe; 3% risk of failure)
Confirm with . or Enter, or press ? or * to list all spells.
Flames lash the ogre.
The ogre is moderately wounded.
The ogre's fire resistance burns away.
Unknown command.
Casting: Scorch (safe; 2% risk of failure)
Confirm with . or Enter, or press ? or * to list all spells.
You don't have enough magic to cast this spell.
Casting: Scorch (safe; 2% risk of failure)
Confirm with . or Enter, or press ? or * to list all spells.
You conjure some foxfire!
The ogre hits you with a +0 giant spiked club!!
Ouch! That really hurt!
You die...

........##...# #..<#..### .
... ######.....## ###. ...
).......#### #... ...
###....#### ..# #.#
#..##....###.# #.# .>.
####†##..# #.# ..
#....#########.# ∆ ..
#.....(v@O[....###
...######.###########...)##
..........# ####.#..#
##....##### ######......#....#
####...######......##.###....#
###......#.######..# ...#
######...# #... ∆..## #...#
#.#.. .# ...#.# #. #.. .#


You could see an ogre (combustible, ally target).

Vanquished Creatures
  A hound (D:4)
  2 adders (D:2)
  A worm (D:4)
  2 dart slugs
  An orc (D:3)
  4 bats
  2 endoplasms
  2 giant cockroaches (D:1)
  6 hobgoblins
  4 quokkas
  6 ball pythons
  5 frilled lizards
  4 goblins
  2 kobolds (D:1)
  4 rats
46 creatures vanquished.

Vanquished Creatures (others)
  75 foxfires
75 creatures vanquished.

Grand Total: 121 creatures vanquished

Notes
Turn   | Place    | Note
-------+----------+-------------------------------------------
     0 | D:1      | lonewolfV2 the Gnoll Fire Elementalist began the quest for
                  | the Orb.
     0 | D:1      | Reached XP level 1. HP: 13/13 MP: 6/6
   312 | D:1      | Reached XP level 2. HP: 19/19 MP: 4/7
   741 | D:1      | Reached skill level 5 in Spellcasting
   741 | D:1      | Reached XP level 3. HP: 25/25 MP: 2/9
   745 | D:1      | Learned a level 3 spell: Volatile Blastmotes
  1385 | D:2      | Learned a level 2 spell: Scorch
  1393 | D:2      | Found Restrexea's Antique Weapon Shop.
  1404 | D:2      | Reached skill level 1 in Invocations
  1755 | D:2      | Reached skill level 1 in Fighting
  1755 | D:2      | Reached skill level 1 in Short Blades
  1755 | D:2      | Reached skill level 1 in Long Blades
  1755 | D:2      | Reached skill level 1 in Axes
  1755 | D:2      | Reached skill level 1 in Maces & Flails
  1755 | D:2      | Reached skill level 1 in Polearms
  1755 | D:2      | Reached skill level 1 in Staves
  1755 | D:2      | Reached skill level 1 in Ranged Weapons
  1755 | D:2      | Reached skill level 1 in Throwing
  1755 | D:2      | Reached skill level 1 in Armour
  1755 | D:2      | Reached skill level 1 in Shields
  1755 | D:2      | Reached skill level 1 in Unarmed Combat
  1755 | D:2      | Reached skill level 1 in Evocations
  2313 | D:3      | Learned a level 3 spell: Inner Flame
  2315 | D:3      | Reached XP level 4. HP: 18/32 MP: 7/11
  2990 | D:3      | Learned a level 4 spell: Flame Wave
  3297 | D:4      | Reached skill level 1 in Hexes
  3297 | D:4      | Reached skill level 1 in Summonings
  3297 | D:4      | Reached skill level 1 in Necromancy
  3297 | D:4      | Reached skill level 1 in Translocations
  3297 | D:4      | Reached skill level 1 in Transmutations
  3297 | D:4      | Reached skill level 1 in Ice Magic
  3297 | D:4      | Reached skill level 1 in Air Magic
  3297 | D:4      | Reached skill level 1 in Earth Magic
  3297 | D:4      | Reached skill level 1 in Poison Magic
  3419 | D:4      | Noticed an ogre
  3436 | D:4      | Slain by an ogre

Illustrated notes

Levels and vault maps discovered:
D:1:      dpeg_arrival_connections, layout_basic,
          amcnicky_mini_rare_corridor_liquid
D:2:      layout_basic, serial_shops, nicolae_shop_advertising_works
          [nicolae_subvault_shop_adworks]
D:3:      layout_loops_corners
D:4:      layout_rooms, overflow_temple_1_default, glass_columns_a,
          nrook_mini_vaults, kennysheep_generic_room_7

Skill      XL: |  1  2  3  4 |
---------------+-------------+-----
Conjurations   | 2 |  2.3
Spellcasting   | 5 |  5.1
Invocations    | 1 |  1.4
Fighting       | 1 |  1.3
Short Blades   | 1 |  1.3
Long Blades    | 1 |  1.3
Axes           | 1 |  1.3
Maces & Flails | 1 |  1.3
Polearms       | 1 |  1.3
Staves         | 1 |  1.3
Ranged Weapons | 1 |  1.3
Throwing       | 1 |  1.3
Armour         | 1 |  1.3
Shields        | 1 |  1.3
Unarmed Combat | 1 |  1.3
Evocations     | 1 |  1.3
Hexes          | 1 |  1.0
Summonings     | 1 |  1.0
Necromancy     | 1 |  1.0
Translocations | 1 |  1.0
Transmutations | 1 |  1.0
Ice Magic      | 1 |  1.0
Air Magic      | 1 |  1.0
Earth Magic    | 1 |  1.0
Poison Magic   | 1 |  1.0
Dodging        | |  4.7
Stealth        | |  4.3
Fire Magic     | |  5.5

Action                     |  1- 3 |  4- 6 || total
---------------------------+-------+-------++-------
  Melee: Unarmed           |     1 |       ||     1
   Cast: Foxfire           |    58 |    11 ||    69
         Volatile Blastmot |     8 |     2 ||    10
         Scorch            |       |     5 ||     5
         Inner Flame       |       |     1 ||     1
    Use: Scroll            |     5 |     1 ||     6
 Armour: Robe              |     7 |       ||     7
  Dodge: Dodged            |    33 |     4 ||    37
